Map: Dash and Terminal LE (Void)

Players

SloppyEnema - Winner!

  • Race: Zerg Zerg
  • League: Gold

ImotoFantasy

  • Race: Protoss Protoss
  • League: Gold

VOD

Have the link to the VOD?

Description

Time

  • Played on: Oct. 25, 2015, 3:29 p.m.
  • Length: 2:30
Show
View Real Time Build Order
Export as new Build Order

SloppyEnema Zerg - Winner!

Build Orders: Pool First 

Get SALT Encoding   

  12  0:01  Drone  
  13  0:08  Drone  
  14  0:17  Extractor  
  13  0:29  Spawning Pool  
  13  0:34  Drone  
  13  0:39  Drone  
  14  0:49  Overlord  
  14  1:16  Zergling x6  
  17  1:28  Queen  
  20  1:32  Zergling x2  
  20  1:38  Zergling x2  
  21  2:04  Hatchery  
Show
View Real Time Build Order
Export as new Build Order

ImotoFantasy Protoss 

Build Orders: Nexus First 

Get SALT Encoding   

  12  0:00  Probe (Chrono Boost)  
  13  0:13  Probe (Chrono Boost)  
  14  0:22  Pylon  
  14  0:25  Probe (Chrono Boost)  
  15  0:40  Probe (Chrono Boost)  
  16  0:51  Probe (Chrono Boost)  
  17  1:01  Nexus  
  17  1:03  Probe (Chrono Boost)  
  18  1:13  Probe (Chrono Boost)  
  19  1:22  Forge  
  19  1:25  Probe (Chrono Boost)  
  20  1:31  Assimilator  
  20  1:35  Probe (Chrono Boost)  
  21  1:45  Pylon x2  
  21  1:47  Probe (Chrono Boost)  
  22  1:55  Photon Cannon  
  22  2:04  Photon Cannon  
  22  2:11  Photon Cannon  
  22  2:20  Photon Cannon  
Tags
 
Add a new tag
Caveats
  • Supply blocks, unpowered buildings, or Contaminate may cause inaccurate times.
  • Supply counts are checked every 10 seconds.